 Dungeon Crawl Stone Soup version 0.30-a0-626-gd6a5dd7a1f (webtiles) character file.

Game seed: 1981800794090695678

203 bmack86 the Trooper (level 5, -1/48 HPs)
             Began as a Minotaur Fighter on Jan 11, 2023.
             Slain by a gnoll
             ... wielding a +0 halberd
              (11 damage)
             ... on level 4 of the Dungeon.
             The game lasted 00:06:56 (2572 turns).

bmack86 the Trooper (Minotaur Fighter)              Turns: 2572, Time: 00:06:57

Health: -1/48      AC:  9    Str: 23    XL:     5   Next: 51%
Magic:  4/4        EV:  7    Int:  5    God:
Gold:   117        SH:  4    Dex:  9    Spells: 4/4 levels left

rFire   + . .      SeeInvis .    a - +0 war axe
rCold   x . .      Faith    .    c - +0 buckler
rNeg    . . .      Spirit   .    i - +0 chain mail
rPois   .          Reflect  .    (helmet restricted)
rElec   .          Harm     .    (no cloak)
rCorr   +          Rampage  .    (no gloves)
Will    .....                    (no boots) Stlth
                                 (no amulet)
HPRegen 0.28/turn                h - ring of resist corrosion
MPRegen 0.09/turn                n - ring of fire

@: no status effects
A: horns 2, retaliatory headbutt
a: no special abilities


You were on level 4 of the Dungeon.
You visited 1 branch of the dungeon, and saw 4 of its levels.

You collected 117 gold pieces.

Inventory:

Hand Weapons
 a - a +0 war axe (weapon)
 k - a +0 war axe
Missiles
 e - 6 poisoned darts (quivered)
Armour
 b - a +0 chain mail
 c - a +0 buckler (worn)
 i - a +0 chain mail (worn)
Jewellery
 h - a ring of resist corrosion (left hand)
 n - a ring of fire (right hand)
Wands
 p - a wand of digging (2)
Scrolls
 g - 2 scrolls of teleportation
 l - a scroll of fear {unknown}
Potions
 d - a potion of might
 f - a potion of mutation
 j - a potion of degeneration
 m - 2 potions of curing
 o - 3 potions of heal wounds


   Skills:
 * Level 5.0 Fighting
 * Level 4.2 Axes
 + Level 1.8 Throwing
 + Level 4.3 Armour
 + Level 4.4 Shields


You had 4 spell levels left.
You didn't know any spells.
Your spell library contained the following spells:

 Spells                   Type           Power      Damage    Failure   Level
 Summon Guardian Golem    Hex/Summ       0%         N/A       100%        3
 Orb of Destruction       Conj           0%         9d5       100%        7
 Spellforged Servitor     Conj/Summ      0%         N/A       100%        7


Dungeon Overview and Level Annotations

Branches:
Dungeon (4/15)
 Temple: D:4-7

Altars:
Vehumet
The Shining One

Shops:
D:2 *


Innate Abilities, Weirdness & Mutations

You have a pair of horns on your head.
You reflexively headbutt those who attack you in melee.


Message History

You kill the jackal!
The jackal barely misses you. You furiously retaliate!
You headbutt the jackal!
You kill the jackal!
The gnoll barely misses you.
Your Fighting skill increases to level 5!
You slash the jackal!
You kill the jackal!
You barely miss the gnoll.
The gnoll hits you from afar with a +0 halberd.
The gnoll barely misses you.
The jackal bites you but does no damage.
You closely miss the jackal. You slash the gnoll!
You block the jackal's attack. You block the gnoll's attack.
The gnoll closely misses you.
The jackal bites you but does no damage.
The gnoll closely misses you. x2; The gnoll hits you but does no damage.
You slash the jackal!
You kill the jackal!
You completely miss the gnoll. You block the gnoll's attack.
The gnoll hits you from afar with a +0 halberd.
The gnoll barely misses you. You furiously retaliate!
You headbutt the gnoll.
You kill the gnoll!
The gnoll hits you from afar with a +0 halberd. x2
Things that are here:
a +0 whip; a jackal corpse; a jackal corpse You block the gnoll's attack.
The gnoll hits you with a +0 halberd.
Items here: $ ) ††.
You hit the gnoll but do no damage. Your headbutt misses the gnoll.
You closely miss the gnoll. The gnoll hits you with a +0 halberd!
* * * LOW HITPOINT WARNING * * *
The gnoll hits you with a +0 halberd.
* * * LOW HITPOINT WARNING * * *
You closely miss the gnoll. You hit the gnoll but do no damage.
The gnoll hits you with a +0 halberd.
* * * LOW HITPOINT WARNING * * *
The gnoll barely misses you.
You slash the gnoll!
The gnoll is almost dead.
You barely miss the gnoll. The gnoll hits you with a +0 halberd!
You die...

.............
.#.#.#.......#
.............##
.#.#.#.........#
................
....##...#......
#......g......
..#....)@g..#
#..###..###.# #
#.. #...##.# ..
#..##.#....# ....
#.....#....#
..?.. ###.....#.#
#..##.#.....#.#
#.........###.#
.....#.....##...#


You could see 2 gnolls.

Vanquished Creatures
  Jessica (D:2)
  8 adders
  2 gnolls (D:4)
  A worm (D:2)
  An orc (D:3)
  7 ball pythons
  4 endoplasms
  6 giant cockroaches
  5 hobgoblins
  10 jackals
  6 quokkas
  7 bats
  5 frilled lizards
  6 goblins
  5 kobolds (D:1)
  5 rats
79 creatures vanquished.

Vanquished Creatures (others)
  A fungus (D:3)
  A plant (D:1)
2 creatures vanquished.

Grand Total: 81 creatures vanquished

Notes
Turn   | Place    | Note
-------+----------+-------------------------------------------
     0 | D:1      | bmack86 the Minotaur Fighter began the quest for the Orb.
     0 | D:1      | Reached XP level 1. HP: 19/19 MP: 0/0
    80 | D:1      | Reached XP level 2. HP: 27/27 MP: 1/1
   346 | D:1      | Reached skill level 4 in Fighting
   603 | D:1      | Reached XP level 3. HP: 33/33 MP: 2/2
   664 | D:2      | Noticed Jessica
   670 | D:2      | Killed Jessica
   671 | D:2      | Reached skill level 1 in Throwing
   745 | D:2      | Reached XP level 4. HP: 40/41 MP: 3/3
   862 | D:2      | You fall into a shaft and drop 1 floor!
  1288 | D:2      | Reached XP level 5. HP: 44/47 MP: 4/4
  1291 | D:2      | Found Qoissar's Assorted Antiques.
  1812 | D:3      | Found a faded altar of an unknown god.
  2401 | D:3      | Found a radiant altar of Vehumet.
  2410 | D:3      | Found a glowing golden altar of the Shining One.
  2565 | D:4      | Reached skill level 5 in Fighting
  2572 | D:4      | Slain by a gnoll

Illustrated notes

Levels and vault maps discovered:
D:1:      minmay_arrival_hallway, layout_rooms, serial_forest,
          infiniplex_forest_straight_2, infiniplex_forest_side_room,
          infiniplex_forest_clump_small, infiniplex_forest_lined_3,
          infiniplex_forest_lined_4_way, infiniplex_forest_clump_tiny
D:2:      layout_basic, serial_shops,
          nicolae_shop_temple_entry_statues_fountains, uniq_jessica
D:3:      layout_basic, mainiacjoe_overflow_swirl,
          shapermc_ecumenical_altar_acropolis
D:4:      layout_cave_pools, minivault_5, minmay_misc_feat_pillars

Skill      XL: |  1  2  3  4  5 |
---------------+----------------+-----
Fighting       | 4 5 |  5.0
Axes           | 3 4 |  4.2
Throwing       | 1 |  1.8
Shields        | 4 |  4.4
Armour         | 4 |  4.3

Action                   |  1- 3 |  4- 6 || total
-------------------------+-------+-------++-------
Melee: War axe           |    60 |   105 ||   165
       Headbutt          |     4 |    11 ||    15
Throw: Dart              |     3 |       ||     3
  Use: Scroll            |       |     7 ||     7
Armor: Scale mail        |     9 |       ||     9
       Chain mail        |    22 |    80 ||   102
Dodge: Dodged            |    27 |    75 ||   102
Block: Buckler           |    19 |    29 ||    48

Table legend: (Time is in decaauts)
 A = Elapsed time spent in this place.
 B = Non-inter-level travel time spent in this place.
 C = Inter-level travel time spent in this place.
 D = Time resting spent in this place.
 E = Time spent auto-exploring this place.
 F = Levels seen in this place.
 G = Mean time per level.
                   A        B        C        D        E       F      G
               +--------+--------+--------+--------+--------+-----+--------+
         Total |   2631 |   2595 |     36 |     65 |   1526 |   4 |  657.8 |
       Dungeon |   2631 |   2595 |     36 |     65 |   1526 |   4 |  657.8 |
               +--------+--------+--------+--------+--------+-----+--------+

Top non-repeatable levels by time:
     D:2: 961 daAuts
     D:3: 898 daAuts
     D:1: 682 daAuts
     D:4: 89 daAuts
